[Event "Early-Titled-Tuesday-Blitz-January-23-2024"]
[Site "Chess.com"]
[Date "2024.01.23"]
[Round "3"]
[White "grzechu96"]
[Black "tusplingher"]
[Result "1-0"]
[WhiteElo "2706"]
[BlackElo "2501"]
[TimeControl "180+1"]
[EndTime "8:27:06 PST"]
[Termination "grzechu96 won on time"]

1. e4 c5 2. Nf3 d6 3. d4 Nf6 4. Nc3 cxd4 5. Nxd4 a6 6. Be2 g6 7. Be3 Bg7 8. Qd2 b5 9. Bf3 e5 10. Nb3 Bb7 11. O-O O-O 12. Rfd1 b4 13. Nd5 Bxd5 14. exd5 a5 15. a3 e4 16. Be2 Nfd7 17. axb4 Na6 18.
Nxa5 Ne5 19. c3 Nc7 20. Nc6 Nxc6 21. dxc6 Rxa1 22. Rxa1 d5 23. b5 Ne6 24. b6 Qc8 25. c7 Qb7 26. Ba6 Qc6 27. c8=Q Rxc8 28. Bxc8 Qxc8 29. Qxd5 Bf8 30. b7 1-0

[Event "Early-Titled-Tuesday-Blitz-January-23-2024"]
[Site "Chess.com"]
[Date "2024.01.23"]
[Round "3"]
[White "medalja"]
[Black "olawsson"]
[Result "1-0"]
[WhiteElo "2403"]
[BlackElo "2145"]
[TimeControl "180+1"]
[EndTime "8:27:07 PST"]
[Termination "medalja won on time"]

1. c4 Nf6 2. Nc3 d5 3. cxd5 Nxd5 4. g3 g6 5. Bg2 Nxc3 6. bxc3 Bg7 7. Nf3 O-O 8. O-O Nd7 9. d4 c5 10. e4 b6 11. Re1 e5 12. d5 Qc7 13. c4 Qd6 14. Bb2 Bh6 15. Qd3 Re8 16. Nh4 f6 17. Bc1 Bg7 18. Rb1 Nf8 19. f4 Bd7 20. f5 g5 21. Nf3 a6 22. h4 h6 23. hxg5 hxg5 24. Kf2 b5 25. Rh1 bxc4 26. Qxc4 Bb5 27. Qc2 c4 28. Be3 Nd7 29. a4 Nc5 30. axb5 Nd3+ 31.
Ke2 axb5 32. Rxb5 Reb8 33. Rhb1 Rxb5 34. Rxb5 g4 35. Nd2 Ra1 36. Nxc4 Qa3 37. Nxa3 1-0

[Event "Early-Titled-Tuesday-Blitz-January-23-2024"]
[Site "Chess.com"]
[Date "2024.01.23"]
[Round "3"]
[White "rhungaski"]
[Black "DarkAlekhine"]
[Result "0-1"]
[WhiteElo "2501"]
[BlackElo "2717"]
[TimeControl "180+1"]
[EndTime "8:27:08 PST"]
[Termination "DarkAlekhine won by resignation"]

1. e4 c5 2. Nf3 d6 3. d4 cxd4 4.
Nxd4 Nf6 5. Nc3 a6 6. Be2 e5 7.
Nb3 Be7 8. O-O O-O 9. Re1 Be6 10. Bf3 Nbd7 11. a4 Qc7 12. a5 Rac8 13. Nd2 Nb8 14.
Nf1 Nc6 15. Bd2 Nd4 16. Ne3 h6 17. Ncd5 Nxd5 18. exd5 Bd7 19. c3 Nxf3+ 20. Qxf3 f5 21. Nc2 f4 22. Nd4 Bf6 23. Ne6 Bxe6 24. dxe6 Rfe8 25.
Qg4 Qc4 26. g3 fxg3 27. Qxg3 Rxe6 28. f4 Bh4 29. Qxh4 Rg6+ 30. Kf2 Qd3 31. Re2 Rf8 32.
Rf1 exf4 33. Ke1 f3 34. Re7 f2+ 35. Kd1 Qxf1+ 36. Kc2 Qg2 0-1

[Event "Early-Titled-Tuesday-Blitz-January-23-2024"]
[Site "Chess.com"]
[Date "2024.01.23"]
[Round "3"]
[White "01Roman"]
[Black "isaak2009"]
[Result "0-1"]
[WhiteElo "2464"]
[BlackElo "2649"]
[TimeControl "180+1"]
[EndTime "8:27:08 PST"]
[Termination "isaak2009 won by resignation"]

1. Nf3 Nf6 2. c4 e6 3. g3 d5 4.
d4 Bb4+ 5. Bd2 Be7 6. Bg2 O-O 7.
O-O c6 8. Qc2 Nbd7 9. a4 a5 10.
Rc1 Ne4 11. Be1 f5 12. Nbd2 g5 13. Nb3 Bf6 14. Nfd2 Nd6 15. c5 Ne4 16. f3 Nxd2 17.
Bxd2 e5 18. Qxf5 Nxc5 19. Qc2 Nxb3 20. Qxb3 exd4 21. Be1 Qe7 22. Rc2 Bf5 23. Rd2 Qe3+ 24. Qxe3 dxe3 25. Rdd1 Bc2 26. Rdc1 Bxb2 27. Rxc2 Bxa1 28.
Bh3 Rfe8 29. Rc1 Bd4 30. Rb1 b6 31. Bd7 Rac8 32. Rc1 c5 33. Rb1 Red8 34. Bxc8 Rxc8 35. Rxb6 c4 36. Rd6 c3 37. Bxc3 Bxc3 38. Rxd5 h6 39. h4 gxh4 40. gxh4 Bd2 41. f4 Rc4 42.
Rf5 Rxa4 43. Kg2 Ra1 44. h5 a4 45. Rf6 a3 46. Rxh6 Re1 47. Ra6 Rxe2+ 48. Kf3 Rf2+ 49. Kg3 e2 0-1

[Event "Early-Titled-Tuesday-Blitz-January-23-2024"]
[Site "Chess.com"]
[Date "2024.01.23"]
[Round "3"]
[White "mortngabriel"]
[Black "scarabee43"]
[Result "0-1"]
[WhiteElo "2515"]
[BlackElo "2810"]
[TimeControl "180+1"]
[EndTime "8:27:09 PST"]
[Termination "scarabee43 won on time"]

1. d4 Nf6 2. Nf3 d5 3. c4 c6 4. e3 Bf5 5. Nc3 e6 6. Nh4 Bg6 7. Nxg6 hxg6 8. g3 Nbd7 9. Bg2 dxc4 10.
Qe2 Nb6 11. O-O Be7 12. Rd1 O-O 13. e4 Re8 14. Be3 Qd7 15. a4 Rad8 16. a5 Nc8 17. Qxc4 Ng4 18. Bf4 g5 19. Bc1 Nd6 20. Qe2 f5 21. h3 Nh6 22. e5 Ndf7 23. Qc4 a6 24. Be3 Bf8 25. Na4 f4 26. gxf4 gxf4 27. Bxf4 Nf5 28.
Be3 Qe7 29. Qe2 Qb4 30. Nc3 Nxd4 31. Bxd4 Rxd4 32. Rxd4 Qxd4 33. Rd1 Qxe5 34. Qxe5 Nxe5 35. Ne4 Nc4 36. Rd7 Nxa5 37. Ng5 Be7 38. Nxe6 Bf6 39. Nc7 Re1+ 40. Kh2 Be5+ 0-1

[Event "Early-Titled-Tuesday-Blitz-January-23-2024"]
[Site "Chess.com"]
[Date "2024.01.23"]
[Round "3"]
[White "ImportedItalianMaple"]
[Black "Andrej2004"]
[Result "0-1"]
[WhiteElo "2446"]
[BlackElo "2631"]
[TimeControl "180+1"]
[EndTime "8:27:11 PST"]
[Termination "Andrej2004 won on time"]

1. e4 b6 2. d4 Bb7 3. Bd3 g6 4. h4 h6 5. h5 g5 6. f4 gxf4 7. Bxf4 d6 8. Nf3 Nd7 9. c3 Bg7 10. Nbd2 e5 11. Be3 Ngf6 12. Qe2 exd4 13. cxd4 Qe7 14.
O-O-O Nxe4 15. Rhe1 O-O-O 16. Bf4 f5 17. Nxe4 fxe4 18.
Bxe4 Qf7 19. Bxb7+ Kxb7 20. Qe4+ Kb8 21. Bg3 Qxa2 22.
Qc6 Bf6 23. Kc2 Nc5 24. dxc5 Qxb2+ 25. Kd3 Qc3+ 26. Ke2 Rhg8 27. Bh2 Rxg2+ 28. Kf1 Qc2 0-1

[Event "Early-Titled-Tuesday-Blitz-January-23-2024"]
[Site "Chess.com"]
[Date "2024.01.23"]
[Round "3"]
[White "simonachess"]
[Black "jaskol95"]
[Result "0-1"]
[WhiteElo "2336"]
[BlackElo "2562"]
[TimeControl "180+1"]
[EndTime "8:27:12 PST"]
[Termination "jaskol95 won by resignation"]

1. d4 d5 2. c4 e5 3. dxe5 d4 4. Nf3 Nc6 5. g3 Be6 6. Qb3 Qd7 7. Bg2 O-O-O 8. O-O h5 9. Rd1 Bc5 10. e3 Na5 11. Qb5 Qxb5 12. cxb5 dxe3 13. Rxd8+ Kxd8 14.
Bxe3 Bxe3 15. fxe3 Nc4 16. Nc3 Nxe3 17. Nd4 Nxg2 18.
Nxe6+ fxe6 19. Kxg2 Ne7 20. Ne4 Nd5 21. Nc5 Ke7 22.
Nxb7 Rb8 23. Na5 Rxb5 24. Nc6+ Kd7 25. Nd4 Rxb2+ 26. Kh3 c5 27. Nb3 c4 28. Nd4 c3 29. a4 Ne3 30. Rc1 c2 31. Kh4 Rb4 32.
Kg5 Rxd4 0-1

[Event "Early-Titled-Tuesday-Blitz-January-23-2024"]
[Site "Chess.com"]
[Date "2024.01.23"]
[Round "3"]
[White "ContrVersia"]
[Black "OneTrickPony_82"]
[Result "1-0"]
[WhiteElo "2841"]
[BlackElo "2519"]
[TimeControl "180+1"]
[EndTime "8:27:13 PST"]
[Termination "ContrVersia won by checkmate"]

1. f4 d5 2. Nf3 Bf5 3. g3 e6 4. Bg2 Nf6 5. O-O Be7 6. e3 O-O 7.
d3 h6 8. Qe2 c6 9. Nc3 Bh7 10. e4 a5 11. e5 Nfd7 12. g4 c5 13. a4 Nc6 14. Nb5 Rc8 15. Be3 d4 16. Bd2 c4 17. Ne1 Nc5 18. f5 exf5 19. gxf5 cxd3 20. Nxd3 Nxd3 21. cxd3 Bg5 22. Nd6 Nxe5 23. Nxc8 Bxd2 24. Qxd2 Qxc8 25. Be4 Ng4 26. Qxa5 Qc2 27. Bg2 Qxd3 28. Rf3 Ne3 29. Qe5 Bxf5 30. Rg3 Bg6 31. Rf1 Qd2 32. Rf2 Qd1+ 33. Bf1 Qxa4 34. Rxg6 Re8 35. Qxg7# 1-0

[Event "Early-Titled-Tuesday-Blitz-January-23-2024"]
[Site "Chess.com"]
[Date "2024.01.23"]
[Round "3"]
[White "alvarorodriguezavila"]
[Black "jhedigm"]
[Result "0-1"]
[WhiteElo "2308"]
[BlackElo "2560"]
[TimeControl "180+1"]
[EndTime "8:27:14 PST"]
[Termination "jhedigm won by resignation"]

1. e4 c5 2. d4 cxd4 3. c3 d3 4.
Bxd3 d6 5. c4 e6 6. Nc3 Nf6 7.
h3 Nbd7 8. Nf3 b6 9. O-O Bb7 10.
Be3 Be7 11. Qe2 O-O 12. Rfc1 a6 13. a4 Nc5 14. Nd2 Re8 15. a5 bxa5 16. Bxc5 dxc5 17.
Nb3 Rb8 18. Nxa5 Ba8 19. e5 Nd7 20. f4 Nf8 21. Rd1 Qd4+ 22. Kh1 Qxf4 23. Rf1 Qg3 24. Be4 Bxe4 25. Nxe4 Qxe5 26. Nc6 Rxb2 27. Qf3 Qf5 28. Qc3 Qxe4 29. Nxe7+ Rxe7 30. Qxb2 Qxc4 31. Rfc1 Qd5 32. Rxa6 Rb7 33. Qc2 Rc7 34. Ra5 Nd7 35. Rd1 Qc6 36. Qc4 g6 37. Rc1 h5 38. Ra6 Qb7 39. Ra5 Qd5 40. Ra8+ Qxa8 0-1

[Event "Early-Titled-Tuesday-Blitz-January-23-2024"]
[Site "Chess.com"]
[Date "2024.01.23"]
[Round "3"]
[White "invisible_s0ul"]
[Black "Cheer_Down"]
[Result "0-1"]
[WhiteElo "2244"]
[BlackElo "2440"]
[TimeControl "180+1"]
[EndTime "8:27:14 PST"]
[Termination "Cheer_Down won by checkmate"]

1. c4 e6 2. e4 d5 3. cxd5 exd5 4. e5 c5 5. f4 Nc6 6. Nf3 Bf5 7. Bb5 Ne7 8. d4 a6 9. Bxc6+ Nxc6 10.
Be3 c4 11. a3 Bd3 12. Kf2 Be7 13. Nbd2 b5 14. Ne1 Bg6 15. Ndf3 h5 16. Rf1 h4 17. h3 a5 18. Kg1 O-O 19. Nd2 Bf5 20. b3 c3 21.
Ndf3 b4 22. a4 Qd7 23. Rc1 f6 24. Nxh4 Be4 25. Nhf3 fxe5 26. Nxe5 Nxe5 27. dxe5 Rad8 28. Bd4 Qc6 29. Nd3 Qg6 30. Nc5 Qxg2# 0-1

[Event "Early-Titled-Tuesday-Blitz-January-23-2024"]
[Site "Chess.com"]
[Date "2024.01.23"]
[Round "3"]
[White "Alenzer"]
[Black "VomDingJetztHer"]
[Result "1/2-1/2"]
[WhiteElo "2159"]
[BlackElo "2375"]
[TimeControl "180+1"]
[EndTime "8:27:15 PST"]
[Termination "Game drawn by repetition"]

1. e4 e6 2. d4 d5 3. exd5 exd5 4. c4 Nf6 5. Nc3 Bb4 6. Nf3 O-O 7. Bd3 Re8+ 8. Be3 dxc4 9. Bxc4 Be6 10. Qb3 Bxc4 11. Qxc4 Nd5 12. O-O Bxc3 13. bxc3 Rxe3 14. fxe3 Nxe3 15.
Qb3 Nxf1 16. Ne5 Nd2 17. Qxf7+ Kh8 18. Qf4 Qe8 19. Qxd2 Nc6 20. Re1 Nxe5 21. Rxe5 Qf7 22. Qe2 Rf8 23. h3 Qf4 24. Qe3 Qf1+ 25. Kh2 h6 26. Re7 Qc4 27. Qe5 Rf7 28. Re6 Kg8 29. Re8+ Rf8 30. Re7 Rf7 31. Re8+ Rf8 32. Re7 Rf7 33. Re8+ 1/2-1/2

[Event "Early-Titled-Tuesday-Blitz-January-23-2024"]
[Site "Chess.com"]
[Date "2024.01.23"]
[Round "3"]
[White "Me_ch_an"]
[Black "luckyswitchback"]
[Result "0-1"]
[WhiteElo "2300"]
[BlackElo "2710"]
[TimeControl "180+1"]
[EndTime "8:27:16 PST"]
[Termination "luckyswitchback won by resignation"]

1. e4 c6 2. d4 d5 3. Nd2 dxe4 4.
Nxe4 Nf6 5. Nxf6+ exf6 6. c3 Bd6 7. Bd3 O-O 8. Qc2 Re8+ 9. Ne2 h5 10. O-O h4 11. h3 Nd7 12. Bd2 Nf8 13. Rae1 Bc7 14. c4 Ne6 15. Be3 g6 16. Bxg6 fxg6 17. Qxg6+ Ng7 18.
Bh6 Re7 19. Nc3 Bf5 20. Qxf6 Rf7 21. Qxd8+ Rxd8 22. d5 Bd3 23. Bg5 Rb8 24. c5 Ba5 25.
d6 Bxf1 26. Kxf1 Bxc3 27. bxc3 b6 28. cxb6 axb6 29. Bxh4 Rd7 30. Be7 Nf5 31. Re6 Re8 32.
g4 Nxe7 33. dxe7 Rc7 34. Kg2 Rexe7 35. Rd6 Re2 36. a4 Ra2 37. Kg3 Rxa4 38. f4 Rc4 39.
Rd3 b5 40. g5 c5 41. f5 b4 42. f6 Rxc3 43. Rxc3 bxc3 44. g6 c2 0-1

[Event "Early-Titled-Tuesday-Blitz-January-23-2024"]
[Site "Chess.com"]
[Date "2024.01.23"]
[Round "3"]
[White "giomar27"]
[Black "vova-79"]
[Result "1-0"]
[WhiteElo "2403"]
[BlackElo "2560"]
[TimeControl "180+1"]
[EndTime "8:27:16 PST"]
[Termination "giomar27 won by resignation"]

1. d4 d5 2. Nc3 c6 3. Bf4 Qb6 4.
Rb1 Bf5 5. f3 Nf6 6. g4 Bg6 7.
h4 h6 8. e3 Nbd7 9. Bd3 Bxd3 10.
Qxd3 e6 11. Nge2 Be7 12. Kf2 c5 13. Qb5 a6 14. Qxb6 Nxb6 15. b3 Rc8 16. a4 cxd4 17. exd4 Bb4 18. Na2 Be7 19. c3 Nbd7 20. Nac1 Rc6 21.
Nd3 Bd6 22. Bxd6 Rxd6 23. c4 Rc6 24. c5 O-O 25. b4 Ra8 26. b5 axb5 27. axb5 Rcc8 28.
Ra1 Ne8 29. Nc3 f6 30. Rhe1 Kf7 31. f4 Nc7 32. b6 Na6 33. Nb5 Rcb8 34. Ra3 Nf8 35.
Rea1 Ke7 36. Nc7 Nxc7 37. bxc7 Rxa3 38. cxb8=Q Rxa1 39.
Qxb7+ Ke8 40. c6 1-0

[Event "Early-Titled-Tuesday-Blitz-January-23-2024"]
[Site "Chess.com"]
[Date "2024.01.23"]
[Round "3"]
[White "Lady_Nika"]
[Black "Saraisitave"]
[Result "1-0"]
[WhiteElo "2567"]
[BlackElo "2359"]
[TimeControl "180+1"]
[EndTime "8:27:16 PST"]
[Termination "Lady_Nika won on time"]

1. d4 d5 2. e3 Nf6 3. f4 g6 4.
Nf3 Bg7 5. c3 c5 6. Bd3 Nc6 7.
O-O Bf5 8. Ne5 Bxd3 9. Qxd3 c4 10.
Qe2 Ne4 11. Nd2 Nxd2 12. Bxd2 f6 13. Nxc6 bxc6 14. e4 O-O 15. f5 Rb8 16. Bf4 Rb7 17.
Rf2 dxe4 18. Qxe4 Qd5 19. Qe6+ Kh8 20. Bg3 Bh6 21. Re1 gxf5 22. Rxf5 Qxe6 23. Rxe6 Rxb2 24. Rxc6 Rxa2 25. Rxc4 Be3+ 26. Kf1 a5 27. Rb5 f5 28. Be5+ Kg8 29. Rb7 Kf7 30. Rcc7 Re8 31. Rb5 Rf2+ 32. Ke1 a4 33. Ra7 Rxg2 34. Rxa4 Rc2 35. d5 Rg8 36. Bg3 f4 37. Re4 fxg3 38. Rxe3 gxh2 39. Rf3+ Kg7 40. Rh3 Kh8 41. Kd1 Rg1+ 42. Kxc2 1-0

[Event "Early-Titled-Tuesday-Blitz-January-23-2024"]
[Site "Chess.com"]
[Date "2024.01.23"]
[Round "3"]
[White "RandomNoob04"]
[Black "Felix-Rose"]
[Result "1-0"]
[WhiteElo "2573"]
[BlackElo "2293"]
[TimeControl "180+1"]
[EndTime "8:27:16 PST"]
[Termination "RandomNoob04 won by checkmate"]

1. e4 e5 2. d4 exd4 3. Qxd4 Nc6 4. Qe3 Nf6 5. e5 Ng4 6. Qe4 h5 7. h3 Nh6 8. Nf3 Qe7 9. Nc3 f5 10. Qe3 Qe6 11. Nb5 Bb4+ 12. Bd2 Bxd2+ 13. Nxd2 Kd8 14. Nf3 Re8 15. O-O-O Nxe5 16. Qc3 Nc6 17. Bc4 Qf6 18. Qd2 a6 19. Nbd4 Nxd4 20. Nxd4 b5 21. Bd5 Rb8 22. Nc6+ dxc6 23. Bxc6+ Ke7 24. Rhe1+ Be6 25. Bxe8 Rxe8 26. Rxe6+ Kxe6 27. Qd7+ Ke5 28. Qxe8+ Kf4 29. Qe3# 1-0

[Event "Early-Titled-Tuesday-Blitz-January-23-2024"]
[Site "Chess.com"]
[Date "2024.01.23"]
[Round "3"]
[White "Licancabur"]
[Black "Iunusovnuriddin"]
[Result "1-0"]
[WhiteElo "2487"]
[BlackElo "2260"]
[TimeControl "180+1"]
[EndTime "8:27:16 PST"]
[Termination "Licancabur won by resignation"]

1. d4 Nf6 2. Bg5 Ne4 3. Bf4 d5 4. f3 Nf6 5. e4 dxe4 6. Nc3 e6 7. fxe4 Bb4 8. Bd3 c5 9. a3 Ba5 10. dxc5 Bxc3+ 11. bxc3 Nbd7 12. Bd6 Qa5 13. Ne2 Nxc5 14.
O-O Ncxe4 15. Bxe4 Nxe4 16. Kh1 Qb6 17. Bf4 Nf2+ 18.
Rxf2 Qxf2 19. Bd6 Bd7 20. Nd4 Rd8 21. Rb1 Bc6 22. Nxc6 bxc6 23. Rb7 Qc5 24. Re7+ Kf8 25.
Rd7+ Ke8 26. Rxd8+ Kxd8 27. Bxc5+ Kc8 28. Qd6 Kb7 29.
Qd7+ Kb8 30. Bd6+ 1-0

[Event "Early-Titled-Tuesday-Blitz-January-23-2024"]
[Site "Chess.com"]
[Date "2024.01.23"]
[Round "3"]
[White "InitiatingASC"]
[Black "AnaKuchava"]
[Result "1-0"]
[WhiteElo "2427"]
[BlackElo "2219"]
[TimeControl "180+1"]
[EndTime "8:27:16 PST"]
[Termination "InitiatingASC won on time"]

1. d4 d5 2. c4 e6 3. cxd5 exd5 4.
Nc3 c6 5. Qc2 Bd6 6. e3 Ne7 7.
Bd3 Be6 8. Nge2 Qd7 9. Ng3 h5 10.
e4 Bxg3 11. hxg3 dxe4 12. Nxe4 Qxd4 13. Bd2 Nd7 14. Bc3 Qb6 15. Bxg7 Rg8 16. Nd6+ Kd8 17.
Bc3 Nc5 18. O-O-O Nxd3+ 19. Qxd3 Kc7 20. Be5 Qc5+ 21. Qc3 Qxc3+ 22. bxc3 Kb6 23. Kb2 Nd5 24. Rb1 Ka6 25. Rxh5 Rad8 26. Ne4 Rg4 27. f3 Rg6 28. Bd4 Rdg8 29. Nc5+ 1-0

[Event "Early-Titled-Tuesday-Blitz-January-23-2024"]
[Site "Chess.com"]
[Date "2024.01.23"]
[Round "3"]
[White "Valy02chess"]
[Black "KorolDimitriy75"]
[Result "0-1"]
[WhiteElo "2141"]
[BlackElo "2373"]
[TimeControl "180+1"]
[EndTime "8:27:17 PST"]
[Termination "KorolDimitriy75 won by checkmate"]

1. e4 c5 2. Nf3 d6 3. d4 cxd4 4. Nxd4 Nf6 5. Nc3 g6 6. Be3 Bg7 7. f3 O-O 8. Qd2 Nc6 9. g4 Be6 10. Nxe6 fxe6 11. O-O-O Ne5 12. g5 Nxf3 13. Qg2 Nh5 14. Be2 Ne5 15. Bxh5 gxh5 16. Qh3 Ng4 17. Bd4 Bxd4 18. Rxd4 e5 19. Rd2 Qe8 20. Nd5 Rc8 21.
Qb3 Kh8 22. Qxb7 e6 23. Nf6 Nxf6 24. gxf6 Rxf6 25. Rxd6 Rf2 26. c3 Qf8 27. Rxe6 Qf4+ 28. Kb1 Rd8 29. Rg1 Rf1+ 30. Rxf1 Qxf1+ 31. Kc2 Qd1# 0-1

[Event "Early-Titled-Tuesday-Blitz-January-23-2024"]
[Site "Chess.com"]
[Date "2024.01.23"]
[Round "3"]
[White "RaugintaBulba"]
[Black "Rgoltsman"]
[Result "0-1"]
[WhiteElo "2470"]
[BlackElo "2281"]
[TimeControl "180+1"]
[EndTime "8:27:18 PST"]
[Termination "Rgoltsman won on time"]

1. d4 g6 2. c4 Bg7 3. Nc3 c5 4. e3 Nf6 5. Nf3 O-O 6. Be2 cxd4 7. exd4 d5 8. O-O Nc6 9. h3 dxc4 10. Bxc4 Bf5 11.
Re1 Qb6 12. Bb3 Rad8 13. Be3 Na5 14. d5 Qa6 15. Bc5 e6 16. Bxf8 Bxf8 17. Qe2 Nxb3 18. Qxa6 bxa6 19. axb3 Nxd5 20. Nxd5 Rxd5 21. Rxa6 Bc5 22. Ra4 Bb6 23. Rc4 Rb5 24. Rc2 Bxc2 0-1

[Event "Early-Titled-Tuesday-Blitz-January-23-2024"]
[Site "Chess.com"]
[Date "2024.01.23"]
[Round "3"]
[White "sokidze"]
[Black "ozates"]
[Result "1-0"]
[WhiteElo "2837"]
[BlackElo "2603"]
[TimeControl "180+1"]
[EndTime "8:27:19 PST"]
[Termination "sokidze won by resignation"]

1. d4 Nf6 2. c4 e6 3. Nf3 d5 4.
g3 dxc4 5. Bg2 Bd7 6. Ne5 Bc6 7.
Nxc6 Nxc6 8. O-O Qd7 9. e3 h5 10. Nc3 h4 11. Qa4 Nd5 12. Qxc4 O-O-O 13. Bd2 f5 14. Rfc1 hxg3 15. hxg3 g5 16. b4 Kb8 17. b5 Nce7 18. a4 f4 19. e4 Nb6 20. Qb3 Qxd4 21.
Rd1 Bg7 22. Be1 Qc5 23. a5 Nc4 24. Na4 Qe5 25. Bc3 Nxa5 26. Qb4 Rxd1+ 27. Rxd1 Nec6 28. bxc6 Nxc6 29. Qb2 fxg3 30. Bxe5 Bxe5 31. Qb5 gxf2+ 32. Kf1 g4 33. Nc5 1-0

[Event "Early-Titled-Tuesday-Blitz-January-23-2024"]
[Site "Chess.com"]
[Date "2024.01.23"]
[Round "3"]
[White "ChessLebaneseSalah"]
[Black "FMVolodymyrSakun"]
[Result "1-0"]
[WhiteElo "2401"]
[BlackElo "2557"]
[TimeControl "180+1"]
[EndTime "8:27:19 PST"]
[Termination "ChessLebaneseSalah won on time"]

1. e4 d6 2. Nf3 g6 3. d4 Bg7 4.
Nc3 Nf6 5. Bd3 c6 6. Be3 O-O 7. Qd2 b5 8. O-O b4 9. Ne2 a5 10. a3 bxa3 11. Rxa3 d5 12. Ng3 dxe4 13. Nxe4 Nd5 14.
Bh6 Bg4 15. Ne5 Bf5 16. Rfa1 Nb4 17. Bxg7 Kxg7 18. Qc3 Nxd3 19. cxd3 Qd5 20. Rxa5 Rxa5 21. Rxa5 Qe6 22. d5 cxd5 23. Nc5 Qf6 24. d4 e6 25.
Ncd7 Nxd7 26. Nxd7 Qh4 27. Nxf8 Kxf8 28. Ra8+ Kg7 29.
Qe3 Qf6 30. Qe5 h5 31. Rg8+ 1-0

[Event "Early-Titled-Tuesday-Blitz-January-23-2024"]
[Site "Chess.com"]
[Date "2024.01.23"]
[Round "3"]
[White "Sina_Movahed"]
[Black "GaiozNigalidze"]
[Result "1-0"]
[WhiteElo "2980"]
[BlackElo "2704"]
[TimeControl "180+1"]
[EndTime "8:27:20 PST"]
[Termination "Sina_Movahed won by checkmate"]

1. e4 c5 2. Nf3 d6 3. d4 cxd4 4.
Nxd4 Nf6 5. Nc3 a6 6. h3 e5 7.
Nde2 Be6 8. f4 Be7 9. f5 Bd7 10. g4 h6 11. Bg2 Bc6 12. Be3 b5 13. Qd2 Nbd7 14. O-O-O Nb6 15. b3 a5 16. Qd3 b4 17.
Nd5 Nbxd5 18. exd5 Bd7 19. Ng3 a4 20. Ne4 Qa5 21.
Nxf6+ Bxf6 22. Kd2 Rc8 23. Qe4 Bg5 24. h4 Bxe3+ 25.
Qxe3 Rc3 26. Qe4 Qc5 27. Bf1 Ke7 28. Bd3 axb3 29. axb3 Qf2+ 30. Qe2 Qd4 31. Qe4 Qc5 32. g5 Qf2+ 33. Qe2 Qxe2+ 34. Kxe2 hxg5 35. hxg5 Rhc8 36. Kd2 Rxd3+ 37. cxd3 Bxf5 38. Rc1 Ra8 39. Rc7+ Kf8 40. Rh8# 1-0

[Event "Early-Titled-Tuesday-Blitz-January-23-2024"]
[Site "Chess.com"]
[Date "2024.01.23"]
[Round "3"]
[White "tsaruk_maks"]
[Black "Manukyan_Artak"]
[Result "1-0"]
[WhiteElo "2762"]
[BlackElo "2508"]
[TimeControl "180+1"]
[EndTime "8:27:20 PST"]
[Termination "tsaruk_maks won by resignation"]

1. e4 c6 2. d3 d5 3. Nd2 Nf6 4. Ngf3 Bg4 5. h3 Bxf3 6. Qxf3 e5 7. g3 d4 8. h4 Na6 9. a3 Bd6 10. Bh3 O-O 11. Nc4 Bc7 12. Bg5 h6 13. Bd2 b5 14.
g4 bxc4 15. g5 c3 16. bxc3 dxc3 17. Be3 Bb6 18. gxf6 Bxe3 19. fxe3 Qxf6 20. Qxf6 gxf6 21. d4 Rad8 22. Rd1 Rfe8 23. Bf5 Nc7 24. Ke2 Nb5 25.
a4 Na3 26. Kd3 exd4 27. exd4 c5 28. d5 Rb8 29. Ra1 Nxc2 30. Kxc2 Rb4 31. d6 Rd8 32. d7 Kf8 33. Rhb1 Ke7 34. Kxc3 Rd4 35. Rb7 1-0

[Event "Early-Titled-Tuesday-Blitz-January-23-2024"]
[Site "Chess.com"]
[Date "2024.01.23"]
[Round "3"]
[White "gau_npukyputb"]
[Black "AttilaTurzo"]
[Result "1-0"]
[WhiteElo "2704"]
[BlackElo "2500"]
[TimeControl "180+1"]
[EndTime "8:27:20 PST"]
[Termination "gau_npukyputb won on time"]

1. g3 c5 2. Nf3 g6 3. Bg2 Bg7 4. O-O Nc6 5. c4 e5 6. Nc3 Nge7 7. Rb1 O-O 8. a3 a5 9. Ne1 d6 10. Nc2 Rb8 11. b4 axb4 12. axb4 b6 13. d3 Be6 14. b5 Nd4 15. Ne3 Ndf5 16. Ned5 Nxd5 17. Nxd5 Ne7 18. Nxe7+ Qxe7 19. Ra1 Qd7 20. Qb3 e4 21. Ra6 d5 22. Bf4 Rb7 23. Qa4 f5 24. cxd5 Bxd5 25. dxe4 fxe4 26. Bxe4 Bxe4 27. Qxe4 Kh8 28. Qc6 g5 29. Qxd7 Rxd7 30. Bxg5 Rb7 31. Be3 Rc8 32. Rc1 c4 33. Rxb6 Rxb6 34. Bxb6 c3 35.
Rc2 Rb8 36. Ba5 Rxb5 37. Bxc3 Kg8 38. Bxg7 Kxg7 39. Kg2 h5 40. f4 Kg6 41. e4 Rb4 42.
Re2 Kf6 43. h3 Rb3 44. e5+ Ke6 45. g4 h4 46. f5+ Ke7 47. e6 Rg3+ 48. Kh2 Rf3 49. Rg2 Rf1 50. Rd2 Rf3 51. Rd7+ Kf6 52. g5+ Kxg5 53. Rf7 Kf4 54. e7 Re3 55. Kg2 Re2+ 56.
Kf1 Kf3 57. f6 1-0

[Event "Early-Titled-Tuesday-Blitz-January-23-2024"]
[Site "Chess.com"]
[Date "2024.01.23"]
[Round "3"]
[White "SharapovEvgeny"]
[Black "Pastore1978"]
[Result "1-0"]
[WhiteElo "2518"]
[BlackElo "2285"]
[TimeControl "180+1"]
[EndTime "8:27:20 PST"]
[Termination "SharapovEvgeny won on time"]

1. e4 e5 2. Nf3 Nc6 3. Bb5 a6 4.
Ba4 Nf6 5. d3 b5 6. Bb3 Be7 7. a4 Bb7 8. Nc3 b4 9. Nd5 Bd6 10. Bg5 h6 11. Nxf6+ gxf6 12. Bh4 Be7 13. O-O Na5 14. Ba2 b3 15. cxb3 c5 16. Bg3 Nc6 17. b4 Nxb4 18. Bc4 d5 19. exd5 Bxd5 20. Nh4 Bxc4 21. dxc4 Qxd1 22. Raxd1 Rd8 23. Rxd8+ Kxd8 24. Rd1+ Kc7 25. Nf5 Bf8 26. f4 Nc6 27. fxe5 fxe5 28. Rd5 f6 29. Bh4 Be7 30. Nxe7 Nxe7 31. Bxf6 Nxd5 32.
Bxh8 Ne3 33. Bxe5+ Kc6 34. b3 Nc2 35. Kf2 Nb4 36. Ke2 Nc2 37. g4 Kd7 38. Bf4 Nd4+ 39. Ke3 Nxb3 40. Bxh6 Na5 41. Kd3 Ke6 42. Be3 Nb7 43.
h4 Kf6 44. h5 Kg7 45. g5 Kh7 46. g6+ Kg7 47. Bf4 Na5 48. Be3 Nb7 49. Ke4 Nd6+ 50.
Kd5 Nf5 51. Bxc5 Ng3 52. Bd4+ Kh6 53. g7 Kh7 54. c5 Nxh5 55. c6 Nf4+ 56. Kd6 Ng6 57.
c7 1-0

[Event "Early-Titled-Tuesday-Blitz-January-23-2024"]
[Site "Chess.com"]
[Date "2024.01.23"]
[Round "3"]
[White "NM_Antelacus"]
[Black "Ural_bogatyr"]
[Result "0-1"]
[WhiteElo "2180"]
[BlackElo "2541"]
[TimeControl "180+1"]
[EndTime "8:27:21 PST"]
[Termination "Ural_bogatyr won on time"]

1. e4 e5 2. Nf3 Nc6 3. Bc4 Bc5 4. c3 Nf6 5. d3 a6 6. a4 d6 7. O-O Ba7 8. Be3 Bxe3 9. fxe3 O-O 10. Nbd2 Ne7 11.
d4 Ng6 12. Qe1 c6 13. Rd1 Qe7 14. Nh4 Nxh4 15. Qxh4 b5 16. Bb3 Be6 17. Bxe6 fxe6 18. axb5 axb5 19. Ra1 exd4 20. exd4 e5 21. Rfe1 Ra7 22.
dxe5 Rxa1 23. Rxa1 Qxe5 24. Re1 Qc5+ 25. Kh1 b4 26. c4 Qd4 27. Nf3 Qxb2 28. e5 dxe5 29. Nxe5 Qc3 30. Qg3 Ne4 31. Qxc3 Nxc3 32. Nd3 b3 33. h3 Rd8 34. Nb2 Rd2 0-1

[Event "Early-Titled-Tuesday-Blitz-January-23-2024"]
[Site "Chess.com"]
[Date "2024.01.23"]
[Round "3"]
[White "rynos0411"]
[Black "Alonmindlin"]
[Result "0-1"]
[WhiteElo "2499"]
[BlackElo "2701"]
[TimeControl "180+1"]
[EndTime "8:27:23 PST"]
[Termination "Alonmindlin won by resignation"]

1. e4 c5 2. Nf3 Nc6 3. Bb5 g6 4. O-O Bg7 5. Bxc6 dxc6 6. d3 Nf6 7. a4 Nd7 8. a5 Nf8 9. c3 Bg4 10. h3 Bxf3 11. Qxf3 Ne6 12. Rd1 O-O 13. Nd2 Qd7 14. Nc4 Rad8 15. Be3 Qc7 16. Rac1 b5 17.
axb6 axb6 18. b4 b5 19. Na5 Rd7 20. e5 Rd5 21. Nxc6 Qxc6 22. c4 bxc4 23. Rxc4 Rc8 24. d4 Rdd8 25. bxc5 Qxf3 26. gxf3 Rxc5 27. Rxc5 Nxc5 28.
Rc1 Nb3 29. Rc4 f6 30. Rb4 Na5 31. f4 Kf7 32. Kg2 g5 33. Rb5 gxf4 34. Bxf4 Rxd4 35.
Be3 Ra4 36. exf6 Bxf6 37. Kf3 Nc4 38. Rh5 Nxe3 39. fxe3 Rh4 40. Rxh4 Bxh4 41. Kg4 Bf6 42. Kf5 e6+ 43. Kf4 Kg6 44. e4 e5+ 45. Kg4 h5+ 46. Kg3 Kg5 47. h4+ Kg6 48. Kh3 Kf7 49. Kg3 Ke6 0-1